Ducks vs Oilers

Created - February 18 2011 at 18:35

Goals
1 2 3 OT1 SO T
Ducks 2 1 0 0 0 3
Oilers 2 0 1 0 1 4
Shots
1 2 3 OT1 SO T
Ducks 8 7 8 1 3 24
Oilers 16 11 18 6 2 51

Period #1

1. Ducks , Manny Malhotra 14 (Kurtis Foster) at 1:51
2. Oilers , Roman Hamrlik 6 (Michal Handzus) at 3:49 (PP)
3. Ducks , Andy McDonald 21 (David Clarkson, Nick Schultz) at 4:58
4. Oilers , Miroslav Satan 5 (Scott Nichol, Stephen Weiss) at 14:51

Penalties :
Marc-Edouard Vlasic (ANA) for Roughing (Minor) at 1:54, Bryce Salvador (EDM) for Hooking (Minor) at 7:51, Kurtis Foster (ANA) for Slashing (Minor) at 10:19, Nick Schultz (ANA) for Tripping (Minor) at 12:43

Period #2

5. Ducks , Tom Poti 12 (Andy McDonald, David Perron) at 18:10 (PP)

Penalties :
Nick Schultz (ANA) for Hooking (Minor) at 0:50, Marc-Edouard Vlasic (ANA) for Holding (Minor) at 3:18, David Clarkson (ANA) for Interference (Minor) at 8:52, Adrian Aucoin (EDM) for Roughing (Double Minor) at 18:02

Period #3

6. Oilers , Adrian Aucoin 7 (Derek Roy, Dany Heatley) at 5:14

Penalties :
Marc-Edouard Vlasic (ANA) for High sticking (Minor) at 0:51, Nick Schultz (ANA) for Holding (Minor) at 7:24, Scott Nichol (EDM) for Holding (Minor) at 13:29

Overtime #1

No Goal

Penalties :
No Penalty

Shootout

Penalty Shot by Jonathan Toews for Ducks - Stopped by Kari Lehtonen
Penalty Shot by Dany Heatley for Oilers - Stopped by Jose Theodore
Penalty Shot by Bobby Ryan for Ducks - Shot Misses the Net
Penalty Shot by Stephen Weiss for Oilers - Goal!
Penalty Shot by Dustin Byfuglien for Ducks - Stopped by Kari Lehtonen

Penalties :
No Penalty

Goalie Stats

Jose Theodore (ANA), 48 saves from 51 shots - (0.941), OTL, 26-13-3, 65:00 minutes
Kari Lehtonen (EDM), 21 saves from 24 shots - (0.875), W, 25-15-7, 65:00 minutes

Players Stats

Ducks
Player Name              G  A  P  +/- PIM S  H  SB FO    MP 
------------------------------------------------------------
Andy McDonald            1  1  2   0  0   6  0  0  17/29 16 
Bobby Ryan               0  0  0   0  0   2  0  0  2/3   18 
Bryan Little             0  0  0   0  0   0  1  0  1/1   5  
Christian Hanson         0  0  0   0  0   0  1  0  4/18  11 
David Clarkson           0  1  1   0  2   3  4  1  0/0   15 
David Perron             0  1  1   0  0   2  1  0  2/2   16 
Dominic Moore            0  0  0   0  0   0  0  1  0/2   12 
Dustin Byfuglien         0  0  0   0  0   0  4  0  1/1   15 
Henrik Tallinder         0  0  0   1  0   0  0  2  0/0   24 
Jakub Voracek            0  0  0   0  0   1  0  0  0/0   11 
Jonathan Toews           0  0  0  -1  0   4  0  0  14/22 20 
Kurtis Foster            0  1  1  -1  2   0  1  1  0/0   18 
Manny Malhotra           1  0  1   0  0   3  0  0  12/23 18 
Marc-Edouard Vlasic      0  0  0   0  6   0  4  2  0/0   21 
Nick Schultz             0  1  1   0  6   1  5  2  0/0   21 
Richard Park             0  0  0   1  0   0  0  0  1/1   19 
Rob Scuderi              0  0  0   0  0   1  2  3  0/0   19 
Tom Poti                 1  0  1   0  0   1  5  3  0/0   25 
Oilers
Player Name              G  A  P  +/- PIM S  H  SB FO    MP 
------------------------------------------------------------
Adrian Aucoin            1  0  1   1  4   2  1  1  0/0   25 
Andrew Ladd              0  0  0  -1  0   2  5  0  1/2   17 
Bryce Salvador           0  0  0  -1  2   2  3  0  0/0   14 
Dany Heatley             0  1  1   1  0   7  5  0  0/1   21 
Derek Roy                0  1  1   1  0   7  1  0  12/25 22 
Mark Popovic             0  0  0   0  0   0  1  1  0/0   13 
Michal Handzus           0  1  1  -1  0   2  0  0  22/36 22 
Miroslav Satan           1  0  1   1  0   4  0  0  0/0   5  
Radek Dvorak             0  0  0  -1  0   2  0  0  1/3   17 
Rod BrindAmour           0  0  0   1  0   0  0  0  1/1   5  
Roman Hamrlik            1  0  1  -1  0   5  1  1  0/0   24 
Ryan Johnson             0  0  0   0  0   3  0  0  5/18  15 
Scott Hannan             0  0  0  -1  0   2  1  2  0/0   25 
Scott Nichol             0  1  1   1  2   0  1  0  5/13  7  
Sean ODonnell            0  0  0   1  0   4  0  2  0/0   26 
Stephen Weiss            0  1  1  -1  0   5  1  0  1/1   21 
Steve Sullivan           0  0  0   1  0   2  1  0  0/0   18 
Todd Marchant            0  0  0  -1  0   2  1  0  0/2   14 

3 Stars

1 - Tom Poti (ANA)
2 - Andy McDonald (ANA)
3 - Dany Heatley (EDM)

Power Play

Ducks - 1 on 3 Attempt(s) - 33.33%
Oilers - 1 on 8 Attempt(s) - 12.50%

Penalty Kill

Ducks - 7 on 8 Attempt(s) - 87.50% - Score 0 goal in Penalty Kill
Oilers - 2 on 3 Attempt(s) - 66.67% - Score 0 goal in Penalty Kill

Game Notes

Marc-Edouard Vlasic is injured at 0:30 of 1st overtime period (Left Hand)

Finance

Level 1 -- Attendance: 6500 (100.00%) -- Ticket Income $585,000.00
Level 2 -- Attendance: 4833 (96.66%) -- Ticket Income $217,485.00
Level 3 -- Attendance: 3500 (100.00%) -- Ticket Income $112,000.00
Level 4 -- Attendance: 839 (100.00%) -- Ticket Income $15,941.00
Luxury Box -- Attendance: 804 (80.40%) -- Ticket Income $154,368.00
Game was played at the Rexall Place
Total Attendance: 16476 (97.84%)
Total Ticket Income: $1,086,069.00
Other Income: $205,418.70
Total Income: $1,291,488.00


Play by Play

Period #1

0:01 of 1st period - Derek Roy wins face-off versus Jonathan Toews in neutral zone.
0:12 of 1st period - Shot by Steve Sullivan.
0:12 of 1st period - Stopped by Jose Theodore without a rebound.
0:13 of 1st period - Michal Handzus wins face-off versus Andy McDonald in Ducks zone.
0:22 of 1st period - Shot by Radek Dvorak.
0:22 of 1st period - Shot Misses the Net.
0:26 of 1st period - Shot by Stephen Weiss.
0:26 of 1st period - Stopped by Jose Theodore without a rebound.
0:27 of 1st period - Jonathan Toews wins face-off versus Dany Heatley in Ducks zone.
0:48 of 1st period - Steve Sullivan is hit by Marc-Edouard Vlasic and loses puck.
0:57 of 1st period - Derek Roy is hit by Dustin Byfuglien and loses puck.
1:38 of 1st period - Shot by Stephen Weiss.
1:38 of 1st period - Stopped by Jose Theodore without a rebound.
1:39 of 1st period - Manny Malhotra wins face-off versus Ryan Johnson in Ducks zone.
1:39 of 1st period - Manny Malhotra is hit by Andrew Ladd.
1:47 of 1st period - Shot by Manny Malhotra.
1:47 of 1st period - Shot Misses the Net.
1:49 of 1st period - Shot by Manny Malhotra.
1:49 of 1st period - Shot Blocked by Roman Hamrlik.
1:51 of 1st period - Shot by Manny Malhotra.
1:51 of 1st period - Goal by Manny Malhotra - Ducks : 1 - Oilers : 0.
1:52 of 1st period - Michal Handzus wins face-off versus Christian Hanson in neutral zone.
1:54 of 1st period - Minor Penalty to Marc-Edouard Vlasic for Roughing.
1:55 of 1st period - Michal Handzus wins face-off versus Christian Hanson in Ducks zone.
2:25 of 1st period - Shot by Andrew Ladd.
2:25 of 1st period - Deflect By Stephen Weiss.
2:25 of 1st period - Shot Misses the Net.
2:43 of 1st period - Richard Park is hit by Andrew Ladd and loses puck.
2:54 of 1st period - Shot by Dany Heatley.
2:54 of 1st period - Shot Misses the Net.
2:56 of 1st period - Shot by Adrian Aucoin.
2:56 of 1st period - Stopped by Jose Theodore with a rebound.
2:58 of 1st period - Shot by Dany Heatley.
2:58 of 1st period - Shot Blocked by Tom Poti.
3:00 of 1st period - Shot by Derek Roy.
3:00 of 1st period - Shot Blocked by Rob Scuderi.
3:04 of 1st period - Shot by Derek Roy.
3:04 of 1st period - Stopped by Jose Theodore with a rebound.
3:45 of 1st period - Off-side.
3:46 of 1st period - Michal Handzus wins face-off versus Manny Malhotra in neutral zone.
3:49 of 1st period - Shot by Roman Hamrlik.
3:49 of 1st period - Goal by Roman Hamrlik - Ducks : 1 - Oilers : 1.
3:50 of 1st period - Jonathan Toews wins face-off versus Ryan Johnson in neutral zone.
4:04 of 1st period - Shot by Andrew Ladd.
4:04 of 1st period - Shot Blocked by Marc-Edouard Vlasic.
4:06 of 1st period - Shot by Bryce Salvador.
4:06 of 1st period - Shot Blocked by Tom Poti.
4:08 of 1st period - Shot by Bryce Salvador.
4:08 of 1st period - Stopped by Jose Theodore with a rebound.
4:10 of 1st period - Shot by Ryan Johnson.
4:10 of 1st period - Stopped by Jose Theodore without a rebound.
4:11 of 1st period - Scott Nichol wins face-off versus Manny Malhotra in Ducks zone.
4:31 of 1st period - Off-side.
4:32 of 1st period - Andy McDonald wins face-off versus Michal Handzus in neutral zone.
4:34 of 1st period - Off-side.
4:35 of 1st period - Michal Handzus wins face-off versus Andy McDonald in neutral zone.
4:40 of 1st period - Shot by Stephen Weiss.
4:40 of 1st period - Stopped by Jose Theodore without a rebound.
4:41 of 1st period - Andy McDonald wins face-off versus Michal Handzus in Ducks zone.
4:50 of 1st period - Shot by David Clarkson.
4:50 of 1st period - Stopped by Kari Lehtonen with a rebound.
4:52 of 1st period - Shot by Richard Park.
4:52 of 1st period - Shot Misses the Net.
4:56 of 1st period - Shot by David Clarkson.
4:56 of 1st period - Shot Blocked by Mark Popovic.
4:58 of 1st period - Shot by Andy McDonald.
4:58 of 1st period - Goal by Andy McDonald - Ducks : 2 - Oilers : 1.
4:59 of 1st period - Jonathan Toews wins face-off versus Todd Marchant in neutral zone.
4:59 of 1st period - Jonathan Toews is hit by Andrew Ladd.
5:03 of 1st period - Shot by Dustin Byfuglien.
5:03 of 1st period - Shot Misses the Net.
5:06 of 1st period - Icing by Roman Hamrlik.
5:07 of 1st period - Manny Malhotra wins face-off versus Ryan Johnson in Oilers zone.
7:00 of 1st period - Shot by Bobby Ryan.
7:00 of 1st period - Shot Blocked by Adrian Aucoin.
7:02 of 1st period - Shot by Jonathan Toews.
7:02 of 1st period - Shot Misses the Net.
7:06 of 1st period - Shot by Jonathan Toews.
7:06 of 1st period - Stopped by Kari Lehtonen without a rebound.
7:07 of 1st period - Michal Handzus wins face-off versus Andy McDonald in Oilers zone.
7:07 of 1st period - Michal Handzus is hit by David Clarkson.
7:10 of 1st period - Icing by Scott Hannan.
7:11 of 1st period - Michal Handzus wins face-off versus Andy McDonald in Oilers zone.
7:29 of 1st period - Shot by Michal Handzus.
7:29 of 1st period - Shot Misses the Net.
7:48 of 1st period - Shot by Andy McDonald.
7:48 of 1st period - Stopped by Kari Lehtonen without a rebound.
7:49 of 1st period - Bryan Little wins face-off versus Ryan Johnson in Oilers zone.
7:51 of 1st period - Minor Penalty to Bryce Salvador for Hooking.
7:52 of 1st period - Scott Nichol wins face-off versus Jonathan Toews in Oilers zone.
8:09 of 1st period - Shot by Bobby Ryan.
8:09 of 1st period - Shot Blocked by Scott Hannan.
9:48 of 1st period - Shot by Bobby Ryan.
9:48 of 1st period - Stopped by Kari Lehtonen without a rebound.
9:49 of 1st period - Ryan Johnson wins face-off versus Andy McDonald in Oilers zone.
10:19 of 1st period - Minor Penalty to Kurtis Foster for Slashing.
10:20 of 1st period - Michal Handzus wins face-off versus Christian Hanson in Ducks zone.
11:14 of 1st period - Christian Hanson is hit by Dany Heatley and loses puck.
11:21 of 1st period - Shot by Dany Heatley.
11:21 of 1st period - Stopped by Jose Theodore with a rebound.
11:23 of 1st period - Shot by Dany Heatley.
11:23 of 1st period - Shot Misses the Net.
11:25 of 1st period - Shot by Dany Heatley.
11:25 of 1st period - Stopped by Jose Theodore without a rebound.
11:26 of 1st period - Derek Roy wins face-off versus Manny Malhotra in Ducks zone.
12:19 of 1st period - Stephen Weiss is hit by Nick Schultz and loses puck.
12:25 of 1st period - Andrew Ladd is hit by Nick Schultz and loses puck.
12:41 of 1st period - Todd Marchant is hit by Tom Poti and loses puck.
12:43 of 1st period - Minor Penalty to Nick Schultz for Tripping.
12:44 of 1st period - Christian Hanson wins face-off versus Radek Dvorak in Ducks zone.
13:03 of 1st period - Shot by Roman Hamrlik.
13:03 of 1st period - Shot Misses the Net.
13:29 of 1st period - Shot by Dany Heatley.
13:29 of 1st period - Shot Misses the Net.
13:36 of 1st period - Icing by Adrian Aucoin.
13:37 of 1st period - Richard Park wins face-off versus Derek Roy in Oilers zone.
14:17 of 1st period - Shot by Andrew Ladd.
14:17 of 1st period - Deflect By Stephen Weiss.
14:17 of 1st period - Stopped by Jose Theodore without a rebound.
14:18 of 1st period - Michal Handzus wins face-off versus Dominic Moore in Ducks zone.
14:19 of 1st period - Shot by Scott Hannan.
14:19 of 1st period - Shot Blocked by Henrik Tallinder.
14:49 of 1st period - Shot by Miroslav Satan.
14:49 of 1st period - Stopped by Jose Theodore with a rebound.
14:51 of 1st period - Shot by Scott Nichol.
14:51 of 1st period - Deflect By Miroslav Satan.
14:51 of 1st period - Goal by Miroslav Satan - Ducks : 2 - Oilers : 2.
14:52 of 1st period - Manny Malhotra wins face-off versus Scott Nichol in neutral zone.
15:03 of 1st period - Shot by Jakub Voracek.
15:03 of 1st period - Stopped by Kari Lehtonen without a rebound.
15:04 of 1st period - Andy McDonald wins face-off versus Ryan Johnson in Oilers zone.
15:51 of 1st period - Miroslav Satan is hit by Marc-Edouard Vlasic.
16:34 of 1st period - Icing by Stephen Weiss.
16:35 of 1st period - Manny Malhotra wins face-off versus Michal Handzus in Oilers zone.
18:05 of 1st period - Shot by Andrew Ladd.
18:05 of 1st period - Deflect By Todd Marchant.
18:05 of 1st period - Stopped by Jose Theodore without a rebound.
18:06 of 1st period - Derek Roy wins face-off versus Manny Malhotra in Ducks zone.
18:15 of 1st period - Shot by Adrian Aucoin.
18:15 of 1st period - Shot Blocked by Rob Scuderi.
18:17 of 1st period - Shot by Steve Sullivan.
18:17 of 1st period - Shot Misses the Net.
18:39 of 1st period - Shot by Steve Sullivan.
18:39 of 1st period - Stopped by Jose Theodore without a rebound.
18:40 of 1st period - Andy McDonald wins face-off versus Ryan Johnson in Ducks zone.
18:45 of 1st period - Shot by David Clarkson.
18:45 of 1st period - Stopped by Kari Lehtonen without a rebound.
18:46 of 1st period - Ryan Johnson wins face-off versus Andy McDonald in Oilers zone.
18:46 of 1st period - Ryan Johnson is hit by David Clarkson.

Period #2

0:01 of 2nd period - Derek Roy wins face-off versus Jonathan Toews in neutral zone.
0:19 of 2nd period - Shot by Jonathan Toews.
0:19 of 2nd period - Stopped by Kari Lehtonen without a rebound.
0:20 of 2nd period - Michal Handzus wins face-off versus Andy McDonald in Oilers zone.
0:20 of 2nd period - Stephen Weiss is hit by David Clarkson and loses puck.
0:40 of 2nd period - Michal Handzus is hit by Nick Schultz and loses puck.
0:50 of 2nd period - Minor Penalty to Nick Schultz for Hooking.
0:51 of 2nd period - Christian Hanson wins face-off versus Derek Roy in Ducks zone.
0:59 of 2nd period - Dany Heatley is hit by Tom Poti and loses puck.
1:22 of 2nd period - Shot by Derek Roy.
1:22 of 2nd period - Stopped by Jose Theodore without a rebound.
1:23 of 2nd period - Michal Handzus wins face-off versus Christian Hanson in Ducks zone.
1:29 of 2nd period - Shot by Michal Handzus.
1:29 of 2nd period - Shot Misses the Net.
1:31 of 2nd period - Shot by Andrew Ladd.
1:31 of 2nd period - Stopped by Jose Theodore with a rebound.
1:33 of 2nd period - Shot by Roman Hamrlik.
1:33 of 2nd period - Stopped by Jose Theodore without a rebound.
1:34 of 2nd period - Manny Malhotra wins face-off versus Michal Handzus in Ducks zone.
3:04 of 2nd period - Shot by Rod BrindAmour.
3:04 of 2nd period - Shot Misses the Net.
3:12 of 2nd period - Shot by Miroslav Satan.
3:12 of 2nd period - Stopped by Jose Theodore without a rebound.
3:13 of 2nd period - Jonathan Toews wins face-off versus Ryan Johnson in Ducks zone.
3:13 of 2nd period - Jonathan Toews is hit by Todd Marchant.
3:18 of 2nd period - Minor Penalty to Marc-Edouard Vlasic for Holding.
3:19 of 2nd period - Derek Roy wins face-off versus Christian Hanson in Ducks zone.
4:06 of 2nd period - Shot by Roman Hamrlik.
4:06 of 2nd period - Shot Misses the Net.
4:15 of 2nd period - Off-side.
4:16 of 2nd period - Michal Handzus wins face-off versus Christian Hanson in neutral zone.
4:31 of 2nd period - Shot by Scott Hannan.
4:31 of 2nd period - Stopped by Jose Theodore without a rebound.
4:32 of 2nd period - Derek Roy wins face-off versus Christian Hanson in Ducks zone.
4:49 of 2nd period - Shot by Derek Roy.
4:49 of 2nd period - Shot Blocked by Rob Scuderi.
4:53 of 2nd period - Shot by Derek Roy.
4:53 of 2nd period - Deflect By Dany Heatley.
4:53 of 2nd period - Shot Misses the Net.
6:11 of 2nd period - Shot by Andy McDonald.
6:11 of 2nd period - Deflect By David Clarkson.
6:11 of 2nd period - Stopped by Kari Lehtonen with a rebound.
6:13 of 2nd period - Shot by David Clarkson.
6:13 of 2nd period - Shot Misses the Net.
7:07 of 2nd period - Radek Dvorak is hit by Christian Hanson and loses puck.
8:07 of 2nd period - Shot by Derek Roy.
8:07 of 2nd period - Stopped by Jose Theodore without a rebound.
8:08 of 2nd period - Manny Malhotra wins face-off versus Scott Nichol in Ducks zone.
8:39 of 2nd period - Shot by Rob Scuderi.
8:39 of 2nd period - Shot Misses the Net.
8:43 of 2nd period - Shot by David Perron.
8:43 of 2nd period - Shot Misses the Net.
8:52 of 2nd period - Minor Penalty to David Clarkson for Interference.
8:53 of 2nd period - Manny Malhotra wins face-off versus Michal Handzus in Ducks zone.
9:27 of 2nd period - Icing by Andrew Ladd.
9:28 of 2nd period - Michal Handzus wins face-off versus Manny Malhotra in Oilers zone.
10:51 of 2nd period - Shot by Roman Hamrlik.
10:51 of 2nd period - Stopped by Jose Theodore without a rebound.
10:52 of 2nd period - Dustin Byfuglien wins face-off versus Scott Nichol in Ducks zone.
10:52 of 2nd period - Dustin Byfuglien is hit by Scott Nichol.
10:58 of 2nd period - Shot by Bobby Ryan.
10:58 of 2nd period - Stopped by Kari Lehtonen without a rebound.
10:59 of 2nd period - Jonathan Toews wins face-off versus Scott Nichol in Oilers zone.
11:55 of 2nd period - Off-side.
11:56 of 2nd period - Manny Malhotra wins face-off versus Michal Handzus in neutral zone.
11:59 of 2nd period - Shot by Kurtis Foster.
11:59 of 2nd period - Shot Misses the Net.
12:29 of 2nd period - Off-side.
12:30 of 2nd period - Andy McDonald wins face-off versus Ryan Johnson in neutral zone.
12:36 of 2nd period - Nick Schultz is hit by Bryce Salvador.
12:41 of 2nd period - Off-side.
12:42 of 2nd period - Derek Roy wins face-off versus Christian Hanson in neutral zone.
12:53 of 2nd period - Shot by Derek Roy.
12:53 of 2nd period - Shot Misses the Net.
12:55 of 2nd period - Shot by Sean ODonnell.
12:55 of 2nd period - Stopped by Jose Theodore without a rebound.
12:56 of 2nd period - Ryan Johnson wins face-off versus Andy McDonald in Ducks zone.
12:56 of 2nd period - Ryan Johnson is hit by Nick Schultz.
13:20 of 2nd period - Icing by Todd Marchant.
13:21 of 2nd period - Ryan Johnson wins face-off versus Manny Malhotra in Oilers zone.
13:21 of 2nd period - Ryan Johnson is hit by David Perron.
13:26 of 2nd period - Off-side.
13:27 of 2nd period - Jonathan Toews wins face-off versus Michal Handzus in neutral zone.
14:52 of 2nd period - Kurtis Foster is hit by Derek Roy and loses puck.
15:02 of 2nd period - Off-side.
15:03 of 2nd period - Andy McDonald wins face-off versus Ryan Johnson in neutral zone.
15:23 of 2nd period - Shot by Bryce Salvador.
15:23 of 2nd period - Stopped by Jose Theodore with a rebound.
15:25 of 2nd period - Shot by Ryan Johnson.
15:25 of 2nd period - Stopped by Jose Theodore without a rebound.
15:26 of 2nd period - Scott Nichol wins face-off versus Christian Hanson in Ducks zone.
15:26 of 2nd period - Miroslav Satan is hit by Tom Poti.
15:56 of 2nd period - Shot by Miroslav Satan.
15:56 of 2nd period - Shot Blocked by Dominic Moore.
15:58 of 2nd period - Shot by Sean ODonnell.
15:58 of 2nd period - Stopped by Jose Theodore without a rebound.
15:59 of 2nd period - Andy McDonald wins face-off versus Ryan Johnson in Ducks zone.
15:59 of 2nd period - Nick Schultz is hit by Andrew Ladd.
16:05 of 2nd period - Shot by David Clarkson.
16:05 of 2nd period - Shot Misses the Net.
16:14 of 2nd period - Roman Hamrlik is hit by Nick Schultz and loses puck.
16:20 of 2nd period - Andy McDonald is hit by Andrew Ladd and loses puck.
16:32 of 2nd period - David Clarkson is hit by Bryce Salvador and loses puck.
16:35 of 2nd period - Shot by Andy McDonald.
16:35 of 2nd period - Stopped by Kari Lehtonen with a rebound.
16:40 of 2nd period - David Clarkson is hit by Roman Hamrlik and loses puck.
16:56 of 2nd period - Icing by Roman Hamrlik.
16:57 of 2nd period - Andrew Ladd wins face-off versus Manny Malhotra in Oilers zone.
17:20 of 2nd period - David Perron is hit by Bryce Salvador and loses puck.
17:25 of 2nd period - Shot by Manny Malhotra.
17:25 of 2nd period - Stopped by Kari Lehtonen without a rebound.
17:26 of 2nd period - Derek Roy wins face-off versus Jonathan Toews in Oilers zone.
17:50 of 2nd period - Derek Roy is hit by Marc-Edouard Vlasic and loses puck.
18:02 of 2nd period - Double Minor Penalty to Adrian Aucoin for Roughing.
18:03 of 2nd period - Andy McDonald wins face-off versus Scott Nichol in Oilers zone.
18:10 of 2nd period - Shot by Tom Poti.
18:10 of 2nd period - Goal by Tom Poti - Ducks : 3 - Oilers : 2.
18:11 of 2nd period - Andy McDonald wins face-off versus Scott Nichol in neutral zone.
18:20 of 2nd period - Shot by David Clarkson.
18:20 of 2nd period - Shot Misses the Net.
18:24 of 2nd period - Shot by David Perron.
18:24 of 2nd period - Shot Misses the Net.
18:26 of 2nd period - Shot by Nick Schultz.
18:26 of 2nd period - Stopped by Kari Lehtonen without a rebound.
18:27 of 2nd period - Scott Nichol wins face-off versus Jonathan Toews in Oilers zone.

Period #3

0:01 of 3rd period - Jonathan Toews wins face-off versus Scott Nichol in neutral zone.
0:29 of 3rd period - Shot by Andy McDonald.
0:29 of 3rd period - Stopped by Kari Lehtonen without a rebound.
0:30 of 3rd period - Michal Handzus wins face-off versus Jonathan Toews in Oilers zone.
0:30 of 3rd period - Michal Handzus is hit by Dustin Byfuglien.
0:37 of 3rd period - Stephen Weiss is hit by Tom Poti and loses puck.
0:51 of 3rd period - Minor Penalty to Marc-Edouard Vlasic for High sticking.
0:52 of 3rd period - Christian Hanson wins face-off versus Derek Roy in Ducks zone.
0:52 of 3rd period - Christian Hanson is hit by Steve Sullivan.
1:02 of 3rd period - Shot by Dany Heatley.
1:02 of 3rd period - Stopped by Jose Theodore with a rebound.
1:06 of 3rd period - Shot by Dany Heatley.
1:06 of 3rd period - Stopped by Jose Theodore without a rebound.
1:07 of 3rd period - Michal Handzus wins face-off versus Christian Hanson in Ducks zone.
2:04 of 3rd period - Icing by Adrian Aucoin.
2:05 of 3rd period - Manny Malhotra wins face-off versus Derek Roy in Oilers zone.
2:31 of 3rd period - Shot by Adrian Aucoin.
2:31 of 3rd period - Shot Misses the Net.
2:33 of 3rd period - Shot by Sean ODonnell.
2:33 of 3rd period - Stopped by Jose Theodore without a rebound.
2:34 of 3rd period - Michal Handzus wins face-off versus Christian Hanson in Ducks zone.
2:45 of 3rd period - Shot by Roman Hamrlik.
2:45 of 3rd period - Stopped by Jose Theodore without a rebound.
2:46 of 3rd period - Christian Hanson wins face-off versus Derek Roy in Ducks zone.
3:03 of 3rd period - Shot by Todd Marchant.
3:03 of 3rd period - Stopped by Jose Theodore without a rebound.
3:04 of 3rd period - Scott Nichol wins face-off versus Manny Malhotra in Ducks zone.
3:04 of 3rd period - Adrian Aucoin is hit by Rob Scuderi and loses puck.
3:25 of 3rd period - Shot by David Perron.
3:25 of 3rd period - Shot Blocked by Sean ODonnell.
3:27 of 3rd period - Shot by David Perron.
3:27 of 3rd period - Stopped by Kari Lehtonen without a rebound.
3:28 of 3rd period - Andy McDonald wins face-off versus Radek Dvorak in Oilers zone.
3:55 of 3rd period - Shot by Scott Hannan.
3:55 of 3rd period - Shot Misses the Net.
3:57 of 3rd period - Shot by Scott Hannan.
3:57 of 3rd period - Deflect By Stephen Weiss.
3:57 of 3rd period - Shot Misses the Net.
4:29 of 3rd period - Shot by Andrew Ladd.
4:29 of 3rd period - Shot Blocked by Tom Poti.
4:31 of 3rd period - Shot by Ryan Johnson.
4:31 of 3rd period - Shot Misses the Net.
4:33 of 3rd period - Shot by Ryan Johnson.
4:33 of 3rd period - Stopped by Jose Theodore without a rebound.
4:34 of 3rd period - Manny Malhotra wins face-off versus Derek Roy in Ducks zone.
4:34 of 3rd period - Manny Malhotra is hit by Dany Heatley.
4:52 of 3rd period - Kurtis Foster is hit by Dany Heatley and loses puck.
5:10 of 3rd period - Shot by Dany Heatley.
5:10 of 3rd period - Stopped by Jose Theodore with a rebound.
5:12 of 3rd period - Shot by Derek Roy.
5:12 of 3rd period - Shot Misses the Net.
5:14 of 3rd period - Shot by Adrian Aucoin.
5:14 of 3rd period - Goal by Adrian Aucoin - Ducks : 3 - Oilers : 3.
5:15 of 3rd period - Jonathan Toews wins face-off versus Andrew Ladd in neutral zone.
5:18 of 3rd period - Ryan Johnson is hit by Dustin Byfuglien and loses puck.
5:33 of 3rd period - Shot by Todd Marchant.
5:33 of 3rd period - Deflect By Andrew Ladd.
5:33 of 3rd period - Stopped by Jose Theodore without a rebound.
5:34 of 3rd period - Andy McDonald wins face-off versus Michal Handzus in Ducks zone.
5:34 of 3rd period - David Clarkson is hit by Stephen Weiss.
5:48 of 3rd period - Shot by Stephen Weiss.
5:48 of 3rd period - Shot Blocked by Nick Schultz.
5:50 of 3rd period - Shot by Scott Hannan.
5:50 of 3rd period - Stopped by Jose Theodore with a rebound.
5:52 of 3rd period - Shot by Radek Dvorak.
5:52 of 3rd period - Deflect By Michal Handzus.
5:52 of 3rd period - Shot Blocked by Henrik Tallinder.
5:56 of 3rd period - Shot by Stephen Weiss.
5:56 of 3rd period - Deflect By Michal Handzus.
5:56 of 3rd period - Stopped by Jose Theodore without a rebound.
5:57 of 3rd period - Ryan Johnson wins face-off versus Dominic Moore in Ducks zone.
7:04 of 3rd period - Shot by Derek Roy.
7:04 of 3rd period - Stopped by Jose Theodore with a rebound.
7:06 of 3rd period - Shot by Derek Roy.
7:06 of 3rd period - Stopped by Jose Theodore with a rebound.
7:15 of 3rd period - Icing by Adrian Aucoin.
7:16 of 3rd period - Derek Roy wins face-off versus Andy McDonald in Oilers zone.
7:24 of 3rd period - Minor Penalty to Nick Schultz for Holding.
7:25 of 3rd period - Michal Handzus wins face-off versus Manny Malhotra in Ducks zone.
7:25 of 3rd period - Andrew Ladd is hit by Rob Scuderi and loses puck.
8:19 of 3rd period - Dany Heatley is hit by David Clarkson and loses puck.
8:26 of 3rd period - Shot by Derek Roy.
8:26 of 3rd period - Shot Blocked by David Clarkson.
8:30 of 3rd period - Shot by Dany Heatley.
8:30 of 3rd period - Shot Blocked by Kurtis Foster.
8:32 of 3rd period - Shot by Steve Sullivan.
8:32 of 3rd period - Shot Misses the Net.
8:36 of 3rd period - Shot by Dany Heatley.
8:36 of 3rd period - Stopped by Jose Theodore without a rebound.
8:37 of 3rd period - Michal Handzus wins face-off versus Christian Hanson in Ducks zone.
8:48 of 3rd period - Shot by Stephen Weiss.
8:48 of 3rd period - Stopped by Jose Theodore without a rebound.
8:49 of 3rd period - Derek Roy wins face-off versus Manny Malhotra in Ducks zone.
9:03 of 3rd period - Icing by Adrian Aucoin.
9:04 of 3rd period - Derek Roy wins face-off versus Christian Hanson in Oilers zone.
9:56 of 3rd period - Scott Hannan is hit by Kurtis Foster and loses puck.
11:23 of 3rd period - Off-side.
11:24 of 3rd period - Derek Roy wins face-off versus Manny Malhotra in neutral zone.
11:30 of 3rd period - Shot by Derek Roy.
11:30 of 3rd period - Stopped by Jose Theodore without a rebound.
11:31 of 3rd period - Rod BrindAmour wins face-off versus Christian Hanson in Ducks zone.
11:32 of 3rd period - Shot by Sean ODonnell.
11:32 of 3rd period - Stopped by Jose Theodore without a rebound.
11:33 of 3rd period - Andy McDonald wins face-off versus Derek Roy in Ducks zone.
11:33 of 3rd period - Andy McDonald is hit by Dany Heatley.
11:36 of 3rd period - David Clarkson is hit by Dany Heatley and loses puck.
11:51 of 3rd period - David Clarkson is hit by Adrian Aucoin and loses puck.
11:56 of 3rd period - Shot by Andy McDonald.
11:56 of 3rd period - Shot Blocked by Sean ODonnell.
12:08 of 3rd period - Shot by Derek Roy.
12:08 of 3rd period - Shot Misses the Net.
12:26 of 3rd period - Shot by David Perron.
12:26 of 3rd period - Stopped by Kari Lehtonen without a rebound.
12:27 of 3rd period - Jonathan Toews wins face-off versus Ryan Johnson in Oilers zone.
12:28 of 3rd period - Shot by Bobby Ryan.
12:28 of 3rd period - Shot Misses the Net.
12:30 of 3rd period - Shot by Jonathan Toews.
12:30 of 3rd period - Shot Misses the Net.
13:00 of 3rd period - Icing by Marc-Edouard Vlasic.
13:01 of 3rd period - Jonathan Toews wins face-off versus Scott Nichol in Ducks zone.
13:15 of 3rd period - Adrian Aucoin is hit by Marc-Edouard Vlasic and loses puck.
13:29 of 3rd period - Minor Penalty to Scott Nichol for Holding.
13:30 of 3rd period - Andy McDonald wins face-off versus Ryan Johnson in Oilers zone.
13:41 of 3rd period - Shot by David Clarkson.
13:41 of 3rd period - Deflect By Andy McDonald.
13:41 of 3rd period - Stopped by Kari Lehtonen without a rebound.
13:42 of 3rd period - Stephen Weiss wins face-off versus Andy McDonald in Oilers zone.
14:09 of 3rd period - Shot by Rob Scuderi.
14:09 of 3rd period - Stopped by Kari Lehtonen without a rebound.
14:10 of 3rd period - Jonathan Toews wins face-off versus Ryan Johnson in Oilers zone.
15:40 of 3rd period - Icing by Stephen Weiss.
15:41 of 3rd period - Michal Handzus wins face-off versus Andy McDonald in Oilers zone.
15:41 of 3rd period - Michal Handzus is hit by Bryan Little.
15:44 of 3rd period - Icing by Stephen Weiss.
15:45 of 3rd period - Andy McDonald wins face-off versus Michal Handzus in Oilers zone.
15:56 of 3rd period - Shot by Bryan Little.
15:56 of 3rd period - Deflect By Andy McDonald.
15:56 of 3rd period - Stopped by Kari Lehtonen with a rebound.
16:00 of 3rd period - Shot by Andy McDonald.
16:00 of 3rd period - Shot Misses the Net.
16:07 of 3rd period - Richard Park is hit by Mark Popovic and loses puck.
16:49 of 3rd period - Shot by Jonathan Toews.
16:49 of 3rd period - Stopped by Kari Lehtonen without a rebound.
16:50 of 3rd period - Manny Malhotra wins face-off versus Michal Handzus in Oilers zone.
16:50 of 3rd period - Manny Malhotra is hit by Scott Hannan.
17:14 of 3rd period - Shot by Manny Malhotra.
17:14 of 3rd period - Stopped by Kari Lehtonen without a rebound.
17:15 of 3rd period - Bobby Ryan wins face-off versus Derek Roy in Oilers zone.
17:42 of 3rd period - Dany Heatley is hit by Dustin Byfuglien and loses puck.
18:18 of 3rd period - Icing by Rob Scuderi.
18:19 of 3rd period - Manny Malhotra wins face-off versus Todd Marchant in Ducks zone.
19:11 of 3rd period - Steve Sullivan is hit by Tom Poti.
19:33 of 3rd period - Shot by Miroslav Satan.
19:33 of 3rd period - Shot Hit the Post.
19:35 of 3rd period - Shot by Ryan Johnson.
19:35 of 3rd period - Deflect By Miroslav Satan.
19:35 of 3rd period - Shot Misses the Net.
19:39 of 3rd period - Shot by Miroslav Satan.
19:39 of 3rd period - Stopped by Jose Theodore without a rebound.
19:40 of 3rd period - Andy McDonald wins face-off versus Derek Roy in Ducks zone.
19:59 of 3rd period - Shot by Dany Heatley.
19:59 of 3rd period - Shot Blocked by Nick Schultz.

Overtime #1

0:01 of 1st overtime period - Jonathan Toews wins face-off versus Derek Roy in neutral zone.
0:16 of 1st overtime period - Shot by Bobby Ryan.
0:16 of 1st overtime period - Shot Blocked by Scott Hannan.
0:30 of 1st overtime period - Shot by Derek Roy.
0:30 of 1st overtime period - Shot Blocked by Marc-Edouard Vlasic.
0:30 of 1st overtime period - Marc-Edouard Vlasic from Ducks is injured at 0:30 of 1st overtime period (Left Hand).
0:31 of 1st overtime period - Michal Handzus wins face-off versus Andy McDonald in Ducks zone.
0:32 of 1st overtime period - Shot by Roman Hamrlik.
0:32 of 1st overtime period - Stopped by Jose Theodore without a rebound.
0:33 of 1st overtime period - Andy McDonald wins face-off versus Michal Handzus in Ducks zone.
0:45 of 1st overtime period - Icing by Roman Hamrlik.
0:46 of 1st overtime period - David Perron wins face-off versus Michal Handzus in Oilers zone.
1:01 of 1st overtime period - Shot by Radek Dvorak.
1:01 of 1st overtime period - Stopped by Jose Theodore without a rebound.
1:02 of 1st overtime period - Bobby Ryan wins face-off versus Derek Roy in Ducks zone.
1:21 of 1st overtime period - Icing by Henrik Tallinder.
1:22 of 1st overtime period - Radek Dvorak wins face-off versus Bobby Ryan in Ducks zone.
1:45 of 1st overtime period - Shot by Michal Handzus.
1:45 of 1st overtime period - Deflect By Radek Dvorak.
1:45 of 1st overtime period - Stopped by Jose Theodore without a rebound.
1:46 of 1st overtime period - David Perron wins face-off versus Derek Roy in Ducks zone.
2:11 of 1st overtime period - Shot by Derek Roy.
2:11 of 1st overtime period - Deflect By Dany Heatley.
2:11 of 1st overtime period - Shot Misses the Net.
2:15 of 1st overtime period - Shot by Scott Hannan.
2:15 of 1st overtime period - Deflect By Dany Heatley.
2:15 of 1st overtime period - Stopped by Jose Theodore without a rebound.
2:16 of 1st overtime period - Jonathan Toews wins face-off versus Michal Handzus in Ducks zone.
2:18 of 1st overtime period - Icing by Bobby Ryan.
2:19 of 1st overtime period - Michal Handzus wins face-off versus Jonathan Toews in Ducks zone.
2:54 of 1st overtime period - Shot by Michal Handzus.
2:54 of 1st overtime period - Stopped by Jose Theodore with a rebound.
3:49 of 1st overtime period - Icing by Tom Poti.
3:50 of 1st overtime period - Andy McDonald wins face-off versus Michal Handzus in Ducks zone.
4:30 of 1st overtime period - Shot by Derek Roy.
4:30 of 1st overtime period - Stopped by Jose Theodore without a rebound.
4:31 of 1st overtime period - Jonathan Toews wins face-off versus Derek Roy in Ducks zone.
4:52 of 1st overtime period - Shot by Bobby Ryan.
4:52 of 1st overtime period - Deflect By Jonathan Toews.
4:52 of 1st overtime period - Stopped by Kari Lehtonen without a rebound.
4:53 of 1st overtime period - Michal Handzus wins face-off versus Jonathan Toews in Oilers zone.

ShootOut

ShootOut - Penalty Shot by Jonathan Toews for Ducks.
ShootOut - Stopped by Kari Lehtonen.
ShootOut - Penalty Shot by Dany Heatley for Oilers.
ShootOut - Stopped by Jose Theodore.
ShootOut - Penalty Shot by Bobby Ryan for Ducks.
ShootOut - Shot Misses the Net.
ShootOut - Penalty Shot by Stephen Weiss for Oilers.
ShootOut - Goal by Stephen Weiss.
ShootOut - Penalty Shot by Dustin Byfuglien for Ducks.
ShootOut - Stopped by Kari Lehtonen.


Output by the SimonT Hockey Simulator (STHS) for Stephane Roy -- Original Page W3C XHTML 1.0 Valid